 Dungeon Crawl Stone Soup version 0.17-a0-1997-ga88ed7d (webtiles) character file.

2291 Kangaxx the Destroyer (level 9, 0/45 HPs)
             Began as a Deep Elf Wizard on Oct 8, 2015.
             Was a Priest of Vehumet.
             Slain by a spriggan baker
             ... wielding a cursed +0 dagger
              (11 damage)
             ... on level 7 of the Dungeon.
             The game lasted 00:31:40 (6539 turns).

Kangaxx the Destroyer (Deep Elf Wizard)             Turns: 6539, Time: 00:31:40

Health: 0/45       AC:  4    Str:  4    XL:     9   Next: 17%
Magic:  13/25      EV: 12    Int: 27    God:    Vehumet [***...]
Gold:   291        SH:  4    Dex: 13    Spells: 5 memorised, 17 levels left

rFire  . . .     SeeInvis .     y - +9 dagger (venom)
rCold  . . .     Clarity  .     a - +0 robe {MR+}
rNeg   + . .     SustAt   .     w - +0 buckler
rPois  .         Gourm    .     b - +0 hat
rElec  .         Spirit   .     (no cloak)
rCorr  .         Warding  .     N - +1 pair of gloves
rMut   +         Stasis   .     (no boots)
MR     ++...                    H - amulet of resist mutation
Stlth  ++........               B - ring of positive energy
                                h - ring of protection from magic

@: lethally poisoned (0 -> -2), repel missiles, very resistant to hostile
enchantments, unstealthy
A: no striking features
a: Renounce Religion


You were on level 7 of the Dungeon.
You worshipped Vehumet.
Vehumet was most pleased with you.
You were not hungry.

You visited 1 branch of the dungeon, and saw 7 of its levels.

You collected 351 gold pieces.
You spent 60 gold pieces at shops.

Inventory:

Hand Weapons
 y - a +9 dagger of venom (weapon)
 C - a +2 long sword of holy wrath
Armour
 a - a +0 robe of magic resistance (worn)
 b - a +0 hat (worn)
 w - a +0 buckler (worn)
 N - a +1 pair of gloves (worn)
Rods
 K - a +0 iron rod (9/9)
   (You found it on level 7 of the Dungeon)
Jewellery
 h - a ring of protection from magic (left hand)
 u - an uncursed amulet of the gourmand
 B - a ring of positive energy (right hand)
 H - an amulet of resist mutation (around neck)
 L - an uncursed ring of flight
Wands
 r - a wand of magic darts (0)
Scrolls
 f - 2 scrolls of amnesia {unknown}
 i - 2 scrolls of remove curse
 j - a scroll of fear {unknown}
 k - 3 scrolls of noise
 m - 2 scrolls of immolation
 p - 2 scrolls of recharging {unknown}
 x - a scroll of enchant armour {unknown}
 A - 2 scrolls of teleportation {unknown}
 F - a scroll of fog {unknown}
 G - 2 scrolls of random uselessness {unknown}
 M - a scroll of blinking {unknown}
Potions
 l - 6 potions of curing
 n - 4 potions of poison
 t - a potion of magic
 z - a potion of heal wounds
 D - a potion of haste
 E - a potion of brilliance
 I - 2 potions of might
Books
 c - a book of Minor Magic

   Spells                             Type                      Level
   a - Magic Dart                     Conjuration                  1
   b - Blink                          Translocation                2
   c - Call Imp                       Summoning                    2
   d - Repel Missiles                 Charms/Air                   2
   e - Slow                           Hexes                        2
   f - Conjure Flame                  Conjuration/Fire             3
   g - Mephitic Cloud                 Conjuration/Poison/Air       3
Comestibles
 d - 10 bread rations
 o - 3 beef jerkies
 s - 3 meat rations
 v - 2 slices of pizza


   Skills:
 - Level 2.4 Dodging
 - Level 2.4 Stealth
 - Level 1.0 Shields
 + Level 10.0 Spellcasting
 * Level 10.9 Conjurations
   Level 1.1 Summonings
 - Level 1.1 Translocations


You had 17 spell levels left.
You knew the following spells:

 Your Spells              Type           Power        Failure   Level  Hunger
a - Magic Dart            Conj           ####         1%          1    None
b - Blink                 Tloc           N/A          8%          2    None
c - Repel Missiles        Chrm/Air       ##....       12%         2    None
e - Conjure Flame         Conj/Fire      #####...     1%          3    None
h - Mephitic Cloud        Conj/Pois/Air  ####....     1%          3    None


Dungeon Overview and Level Annotations

Branches:
Dungeon (7/15)             Temple (0/1) D:7

Altars:
Ashenzari
Elyvilon
Fedhas
Kikubaaqudgha
Makhleb
Okawaru
Trog
Vehumet
Yredelemnul

Shops:
D:5 *   D:6 =

Annotations:
D:7 Rationalist's ghost, novice DsBe


Message History

The spriggan baker closely misses you. You block the spriggan baker's attack.
Casting: Magic Dart
Confirm with . or Enter, or press ? or * to list all spells.
Aiming: Magic Dart
Press: ? - help, Shift-Dir - straight line, f/p - spriggan baker
Aim: a spriggan baker, wielding a dagger and wearing a robe (heavily wounded, fast)
The magic dart hits the spriggan baker.
The spriggan baker is almost dead.
You feel sick. The spriggan baker closely misses you.
Casting: Magic Dart
Confirm with . or Enter, or press ? or * to list all spells.
Aiming: Magic Dart
Press: ? - help, Shift-Dir - straight line, f/p - spriggan baker
Aim: a spriggan baker, wielding a dagger and wearing a robe (almost dead, fast)
The magic dart hits the spriggan baker.
The spriggan baker is almost dead.
The spriggan baker hits you with a dagger!
* * * LOW HITPOINT WARNING * * *
The spriggan baker hits you with a dagger!
You die...

###.####......#
#.........###.#
##...........#.#
.....>.##..#.#.#
##....###..#.#.#
#.#.####..#.#.#
#.............###
###.#######...i.#
##'## #####@#
##...## ######.#
##.....## #......#
#.......###.##.#.#
.........##.#....#
.........ยง.......#
.........##.#....#
#.......###.#..#.#
##.....## #.#.##.#


You could see a spriggan baker.

Vanquished Creatures
  Pikel (D:5)
  Duvessa (D:3)
  A water moccasin (D:7)
  4 slaves (D:5)
  2 ice beasts (D:7)
  An ogre (D:6)
  2 centaurs
  Blork the orc (D:5)
  A wyvern zombie (D:7)
  Dowan (D:4)
  3 scorpions
  5 killer bees (D:4)
  A giant frog zombie (D:6)
  2 crimson imps (D:5)
  An orc priest (D:4)
  Ijyb (D:3)
  A giant frog skeleton (D:4)
  Jessica (D:3)
  Natasha (thrice) (D:3)
  7 worker ants
  A hound (D:6)
  An orc wizard (D:3)
  A hound skeleton (D:5)
  3 gnolls (D:3)
  11 adders
  2 shadow imps
  2 worms
  An adder skeleton (D:4)
  5 giant geckos
  18 orcs
  8 bats
  6 giant cockroaches
  7 goblins
  11 hobgoblins
  4 jackals (D:4)
  9 kobolds
  2 quokkas
  A giant gecko zombie (D:5)
  7 giant newts
  A jackal zombie (D:7)
  6 rats
147 creatures vanquished.

Notes
Turn   | Place    | Note
--------------------------------------------------------------
     0 | D:1      | Kangaxx the Deep Elf Wizard began the quest for the Orb.
     0 | D:1      | Reached XP level 1. HP: 10/10 MP: 7/7
   223 | D:1      | Reached XP level 2. HP: 10/15 MP: 6/9
   759 | D:2      | Reached XP level 3. HP: 19/19 MP: 0/10
   764 | D:2      | Found an iron altar of Okawaru.
   765 | D:2      | Found a shattered altar of Ashenzari.
   768 | D:2      | Found an ancient bone altar of Kikubaaqudgha.
   770 | D:2      | Found a radiant altar of Vehumet.
   770 | D:2      | Found a white marble altar of Elyvilon.
   771 | D:2      | Found a burning altar of Makhleb.
   863 | D:2      | Became a worshipper of Vehumet
  1142 | D:2      | Reached XP level 4. HP: 24/24 MP: 6/12
  1210 | D:2      | Reached skill level 5 in Spellcasting
  1677 | D:3      | Learned a level 2 spell: Blink
  1680 | D:3      | Learned a level 2 spell: Repel Missiles
  1684 | D:3      | Learned a level 3 spell: Mephitic Cloud
  1688 | D:3      | Learned a level 3 spell: Conjure Flame
  1766 | D:3      | Noticed Jessica
  1773 | D:3      | Killed Jessica
  1777 | D:3      | Acquired Vehumet's first power
  1777 | D:3      | Offered knowledge of Shock by Vehumet.
  1980 | D:3      | Reached XP level 5. HP: 28/28 MP: 9/14
  2103 | D:3      | Noticed Natasha
  2110 | D:3      | Killed Natasha
  2110 | D:3      | Reached skill level 5 in Conjurations
  2163 | D:3      | Noticed Natasha
  2166 | D:3      | Killed Natasha
  2233 | D:3      | Noticed Ijyb
  2246 | D:3      | Killed Ijyb
  2325 | D:3      | Noticed Natasha
  2325 | D:3      | Killed Natasha
  2340 | D:3      | Reached XP level 6. HP: 32/32 MP: 3/16
  2560 | D:4      | Noticed Dowan
  2562 | D:4      | Noticed Duvessa
  2725 | D:4      | Reached skill level 6 in Spellcasting
  2732 | D:4      | Reached skill level 1 in Shields
  2823 | D:4      | Killed Dowan
  2877 | D:4      | Offered knowledge of Freeze by Vehumet.
  3160 | D:3      | Killed Duvessa
  3298 | D:4      | Reached XP level 7. HP: 30/36 MP: 13/19
  3482 | D:4      | Reached skill level 7 in Conjurations
  3951 | D:5      | Entered Level 5 of the Dungeon
  3951 | D:5      | Found a blossoming altar of Fedhas.
  3999 | D:5      | Noticed Blork the orc
  4025 | D:5      | Killed Blork the orc
  4025 | D:5      | Reached skill level 8 in Conjurations
  4065 | D:5      | Found a basalt altar of Yredelemnul.
  4102 | D:5      | Found Wathos's General Store.
  4109 | D:5      | Bought a potion of brilliance for 60 gold pieces
  4234 | D:5      | Noticed Pikel
  4479 | D:5      | Killed Pikel
  4479 | D:5      | Reached skill level 9 in Conjurations
  4479 | D:5      | Reached XP level 8. HP: 3/41 MP: 7/22
  5028 | D:6      | Found Egita's Jewellery Shop.
  5152 | D:6      | Offered knowledge of Dazzling Spray by Vehumet.
  5374 | D:6      | Found a bloodstained altar of Trog.
  5442 | D:6      | Reached skill level 10 in Conjurations
  5839 | D:7      | Noticed Rationalist's ghost (novice DsBe)
  6090 | D:7      | Reached XP level 9. HP: 42/45 MP: 15/24
  6139 | D:7      | Found a staircase to the Ecumenical Temple.
  6248 | D:7      | Acquired Vehumet's second power
  6525 | D:7      | Reached skill level 10 in Spellcasting
  6539 | D:7      | Slain by a spriggan baker

Vault maps used:
D:1:      dpeg_arrival_rooms_a, corner_web_ring
D:2:      kennysheep_six_static_rooms, grunt_temple_overflow_open
D:3:      uniq_jessica, uniq_natasha, uniq_iyjb
D:4:      uniq_duvessa
D:5:      kennysheep_mini_moat, fedhas_altar_1, serial_shops, shop, first_bread,
          minmay_large_rounded_square, st_stairs_5, uniq_pikel,
          uniq_blork_the_orc
D:6:      lemuel_crystal_altar, serial_shops, shop
D:7:      led_sif_pool, minmay_temple_entry_mist, the_bakery

Action                   |  1- 3 |  4- 6 |  7- 9 || total
-------------------------+-------+-------+-------++-------
Melee: Unarmed           |    11 |    15 |       ||    26
       Long sword        |       |     6 |    47 ||    53
       Dagger            |       |     8 |    36 ||    44
       War axe           |       |       |     2 ||     2
 Cast: Magic Dart        |    69 |   148 |   158 ||   375
       Mephitic Cloud    |       |    15 |    10 ||    25
       Conjure Flame     |       |     5 |    21 ||    26
       Blink             |       |     1 |     9 ||    10
       Repel Missiles    |       |       |     2 ||     2
Evoke: Wand              |       |     8 |     1 ||     9
  Use: Scroll            |       |       |    11 ||    11
 Stab: Sleeping          |       |     1 |     1 ||     2
       Confused          |       |     1 |     1 ||     2
  Eat: Chunk             |       |     9 |    13 ||    22
